 Dungeon Crawl Stone Soup version 0.28-a0-410-gbef64dd269 (webtiles) character file.

Game seed: 4141141514124421821

567 heikuro the Slasher (level 7, 0/55 HPs)
             Began as a Formicid Abyssal Knight on Sept 6, 2021.
             Was a Believer of Lugonu.
             Slain by a hornet (10 damage)
             ... on level 9 of the Dungeon.
             The game lasted 00:14:37 (5289 turns).

heikuro the Slasher (Formicid Abyssal Knight)       Turns: 5289, Time: 00:14:37

Health: 0/55       AC:  5    Str: 18    XL:     7   Next: 59%
Magic:  10/10      EV: 10    Int: 12    God:    Lugonu [**....]
Gold:   141        SH:  0    Dex: 10    Spells: 6/6 levels left

rFire   + . .      SeeInvis +   a - +1 falchion
rCold   . . .      Faith    .   (no shield)
rNeg    . . .      Spirit   .   c - +0 ring mail
rPois   .          Reflect  .   (helmet unavailable)
rElec   .          Harm     .   (no cloak)
rCorr   .          Rampage  .   (no gloves)
Will    .....                   (no boots)
Stlth   ..........              d - amulet of magic regeneration
HPRegen 0.18/turn               p - ring of flight
MPRegen 0.37/turn               q - ring of protection from fire

@: lethally poisoned (0 -> -14), flying
A: permanent stasis, dig shafts and tunnels, antennae 3, four strong arms
a: Dig, Shaft Self, Renounce Religion, Depart the Abyss, Bend Space


You were on level 9 of the Dungeon.
You worshipped Lugonu.
Lugonu was pleased with you.
You visited 1 branch of the dungeon, and saw 9 of its levels.
You visited the Abyss 1 time.

You collected 141 gold pieces.

Inventory:

Hand Weapons
 a - a +1 falchion (weapon)
 b - a +0 hunting sling
 l - a +0 short sword of flaming
Missiles
 k - 94 stones
Armour
 c - a +0 ring mail (worn)
Jewellery
 d - an amulet of magic regeneration (around neck)
 p - a ring of flight (left hand)
 q - a ring of protection from fire (right hand)
Scrolls
 f - 3 scrolls of identify
 g - a scroll of enchant weapon {unknown}
 h - a scroll of teleportation {unknown}
 j - a scroll of brand weapon {unknown}
 m - a scroll of blinking {unknown}
 n - a scroll of holy word {unknown}
 o - a scroll of fear {unknown}
Potions
 e - a potion of ambrosia
 i - 2 potions of brilliance


   Skills:
 + Level 4.6 Fighting
 * Level 4.8 Long Blades
 + Level 2.8 Slings
 + Level 4.0 Armour
 - Level 1.0 Dodging
 + Level 4.3 Invocations


You had 6 spell levels left.
You didn't know any spells.
Your spell library contained the following spells:

 Spells                   Type           Power      Damage    Failure   Level
 Ensorcelled Hibernation  Hex/Ice        0%         N/A       65%         2
 Call Canine Familiar     Summ           0%         N/A       86%         3
 Portal Projectile        Hex/Tloc       0%         N/A       86%         3
 Spider Form              Tmut/Pois      0%         N/A       86%         3
 Leda's Liquefaction      Hex/Erth       0%         N/A       99%         4


Dungeon Overview and Level Annotations

Branches:
Dungeon (11/15)               Orc (0/2) D:9
 Temple: D:4-7         Lair: D:8-11

Altars:
Gozag

Shops:
D:10 !

Annotations:
D:3 Terence
D:4 2 transporters, EnronHubbard's ghost, novice OgFE
D:5 Pikel


Innate Abilities, Weirdness & Mutations

You cannot be hasted, slowed, berserked, paralysed or teleported.
You can dig through walls and to a lower floor.
You have a pair of large antennae on your head. (SInv)
Your four strong arms can wield two-handed weapons with a shield.


Message History

You hear a bellow!
You barely miss the steam dragon.
The steam dragon is heavily wounded.
The steam dragon bites you.
The steam dragon claws you but does no damage.
You hit the steam dragon but do no damage.
The steam dragon is heavily wounded.
The steam dragon closely misses you. The steam dragon misses you.
A yak comes into view.
You closely miss the steam dragon.
The steam dragon is heavily wounded.
The steam dragon misses you.
The steam dragon claws you but does no damage.
Your ring mail prevents you from hitting the steam dragon.
The steam dragon is heavily wounded.
The steam dragon bites you! The steam dragon claws you.
You barely miss the steam dragon.
The steam dragon is heavily wounded.
The steam dragon bites you. The steam dragon claws you.
Are you sure you want to shaft yourself?
The steam dragon bites you.
* * * LOW HITPOINT WARNING * * *
The steam dragon claws you.
* * * LOW HITPOINT WARNING * * *
You begin to dig a shaft.
You continue digging a shaft.
The steam dragon bites you but does no damage.
The steam dragon claws you.
* * * LOW HITPOINT WARNING * * *
A shaft appears beneath you!
You are sucked into a shaft and drop 1 floor!
The shaft crumbles and collapses.
The hornet buzzes angrily. x8
The hornet stings you.
* * * LOW HITPOINT WARNING * * *
You are lethally poisoned!
Your stasis prevents you from being slowed.
The hornet barely misses you.
The hornet stings you but does no damage.
The worm barely misses you. The hornet stings you!
You die...

#...y.......
####..........#
........>....(..
#####..........#
...............
...............
####...>.......
#######..#.......
#@yyy##..#..#####
#ywwy##.. ..#


#ywwy# #yyyy# ###### # You could see 11 hornets and 4 worms.

Vanquished Creatures
  A centaur zombie (D:10)
  An ogre (D:4)
  A bullfrog (D:8)
  An orc wizard (D:11)
  2 adders (D:2)
  A dart slug (D:1)
  7 orcs
  4 endoplasms
  2 giant cockroaches (D:2)
  5 goblins
  3 hobgoblins
  4 quokkas
  7 ball pythons
  A bat (D:1)
  5 frilled lizards
  12 kobolds
  8 rats
65 creatures vanquished.

Vanquished Creatures (others)
  7 plants (D:2)
7 creatures vanquished.

Grand Total: 72 creatures vanquished

Notes
Turn   | Place    | Note
-------+----------+-------------------------------------------
     0 | Abyss:1  | heikuro the Formicid Abyssal Knight began the quest for the
                  | Orb.
     0 | Abyss:1  | Reached XP level 1. HP: 18/18 MP: 2/2
    94 | Abyss:1  | Noticed a wretched star
    98 | Abyss:1  | Noticed a smoke demon
    99 | D:1      | Escaped the Abyss
   265 | D:1      | Reached skill level 1 in Dodging
   370 | D:1      | Reached XP level 2. HP: 24/24 MP: 3/3
   680 | D:1      | Reached * piety under Lugonu
  1010 | D:1      | Reached XP level 3. HP: 25/29 MP: 4/4
  1564 | D:2      | Reached XP level 4. HP: 36/36 MP: 6/6
  1772 | D:2      | Found an opulent altar of Gozag.
  1813 | D:2      | Reached ** piety under Lugonu
  2055 | D:3      | Noticed Terence
  2748 | D:3      | Reached skill level 1 in Slings
  3212 | D:3      | Found a faded altar of an unknown god.
  3228 | D:4      | Noticed an ogre
  3240 | D:4      | Killed an ogre
  3241 | D:4      | Reached XP level 5. HP: 16/42 MP: 7/7
  3645 | D:4      | Found a transporter.
  3645 | D:4      | Found a transporter.
  3645 | D:4      | Noticed EnronHubbard's ghost (novice OgFE)
  3671 | D:4      | HP: 2/42 [poisoned by a scorpion]
  3672 | D:5      | Entered Level 5 of the Dungeon
  3672 | D:5      | Noticed a lemure
  3672 | D:5      | Noticed a lemure
  3673 | D:5      | Noticed Pikel
  3676 | D:5      | You fall into a shaft and drop 3 floors!
  3681 | D:8      | You fall into a shaft and drop 3 floors!
  3957 | D:10     | Entered Level 10 of the Dungeon
  4044 | D:10     | Noticed a centaur warrior zombie
  4065 | D:10     | Killed a centaur warrior zombie
  4066 | D:10     | Reached XP level 6. HP: 11/49 MP: 7/9
  4066 | D:10     | Reached XP level 7. HP: 13/55 MP: 7/10
  4308 | D:10     | Found Leickux's Distillery.
  4404 | D:10     | Noticed a death yak
  4405 | D:10     | Noticed a yak
  4405 | D:10     | Noticed a yak
  4405 | D:10     | Noticed a yak
  4405 | D:10     | Noticed a yak
  4405 | D:10     | Noticed a death yak
  4479 | D:11     | Noticed a manticore
  4778 | D:10     | Noticed a yak
  5092 | D:9      | Noticed a hornet
  5092 | D:9      | Noticed a hornet
  5092 | D:9      | Found a staircase to the Orcish Mines.
  5264 | D:8      | Noticed a steam dragon
  5283 | D:8      | Noticed a yak
  5287 | D:8      | Noticed a yak
  5288 | D:8      | Noticed a yak
  5289 | D:8      | You are sucked into a shaft and drop 1 floor!
  5289 | D:9      | Noticed a hornet
  5289 | D:9      | Noticed a hornet
  5289 | D:9      | Noticed a hornet
  5289 | D:9      | Noticed a hornet
  5289 | D:9      | Noticed a hornet
  5289 | D:9      | Noticed a hornet
  5289 | D:9      | Noticed a hornet
  5289 | D:9      | Noticed a hornet
  5289 | D:9      | Noticed a hornet
  5289 | D:9      | Slain by a hornet

Illustrated notes

Levels and vault maps discovered:
D:1:      lightli_arrival_statue_moat, layout_basic, minmay_misc_feat_enclosed,
          minmay_misc_feat_ornament, minmay_statues_item
D:2:      layout_rooms, basic_altar, lexackson_kobold_supper
D:3:      layout_loops_corners, dilly_ecumenical_altar_fadedgnrine, uniq_terence
D:4:      layout_rooms, temple_pool_b, gammafunk_ghost_arena,
          grunt_decor_clamped, uniq_sigmund
D:5:      layout_loops_ring, uniq_blork_the_orc, uniq_pikel, uniq_prince_ribbit1
D:8:      layout_layer_cave, minmay_crossroads
D:9:      layout_rooms, orc_0_dummy, serial_shops, kennysheep_mini,
          nicolae_shop_trees, nicolae_shop_overgrown_old_shop, shop, hive_lemuel
D:10:     layout_loops_ring, dpeg_lair_monsters, serial_shops, shop,
          minmay_misc_feat_diagonals, nicolae_two_hexagons, uniq_grum
D:11:     layout_roguey

Skill      XL: |  1  2  3  4  5  6  7 |
---------------+----------------------+-----
Dodging        | 1 |  1.0
Long Blades    | 3 4 |  4.8
Slings         | 1 2 |  2.8
Armour         | 3 4 |  4.0
Invocations    | 3 4 |  4.3
Fighting       | 4 |  4.6

Action                   |  1- 3 |  4- 6 |  7- 9 || total
-------------------------+-------+-------+-------++-------
Melee: Falchion          |    67 |    65 |    59 ||   191
 Fire: Hunting sling     |    11 |    60 |     6 ||    77
Invok: Depart the Abyss  |     1 |       |       ||     1
       Bend Space        |       |    21 |     8 ||    29
 Abil: Shaft Self        |       |     2 |     1 ||     3
       Dig               |       |       |     2 ||     2
  Use: Scroll            |       |       |     2 ||     2
Armor: Ring mail         |    26 |    38 |    26 ||    90
       Leather armour    |     1 |       |       ||     1
Dodge: Dodged            |    26 |    38 |    39 ||   103

Table legend: (Time is in decaauts)
 A = Elapsed time spent in this place.
 B = Non-inter-level travel time spent in this place.
 C = Inter-level travel time spent in this place.
 D = Time resting spent in this place.
 E = Time spent auto-exploring this place.
 F = Levels seen in this place.
 G = Mean time per level.
                   A        B        C        D        E       F      G
               +--------+--------+--------+--------+--------+-----+--------+
         Total |   5322 |   5197 |    125 |   2184 |   1247 |  10 |  532.2 |
       Dungeon |   5223 |   5098 |    125 |   2184 |   1169 |   9 |  580.3 |
         Abyss |     99 |     99 |      0 |      0 |     78 |   1 |   99.0 |
               +--------+--------+--------+--------+--------+-----+--------+

Top non-repeatable levels by time:
     D:2: 1173 daAuts
     D:1: 1164 daAuts
     D:3: 1070 daAuts
    D:10: 787 daAuts
    D:11: 631 daAuts
     D:8: 198 daAuts
     D:4: 189 daAuts
 Abyss:1: 99 daAuts
     D:9: 4 daAuts
     D:5: 3 daAuts
